 Dungeon Crawl Stone Soup version 0.25-a0-842-g81a31cfd23 (webtiles) character file.

Game seed: 5320872344555641885, levelgen mode: deterministic

8948 centaur3rune the Archer (level 11, 0/86 HPs)
             Began as a Centaur Hunter on Apr 24, 2020.
             Was an Elder of Okawaru.
             Slain by a yak (13 damage)
             ... on level 11 of the Dungeon.
             The game lasted 00:45:14 (17411 turns).

centaur3rune the Archer (Centaur Hunter)           Turns: 17411, Time: 00:45:15

Health: 0/86       AC:  7    Str: 18    XL:     11   Next: 16%
Magic:  13/18      EV:  8    Int: 10    God:    Okawaru [****..]
Gold:   460        SH:  0    Dex: 10    Spells: 10/10 levels left

rFire    . . .     SeeInvis .   L - +2 dagger (vamp)
rCold    . . .     Gourm    .   (no shield)
rNeg     + . .     Faith    .   G - +0 ring mail
rPois    .         Spirit   .   (no helmet)
rElec    .         Reflect  .   j - +0 cloak
rCorr    .         Harm     .   b - +0 pair of gloves
MR       .....                  (no barding)
Stlth    ..........             (no amulet)
HPRegen  0.24/turn              K - ring of positive energy
MPRegen  0.16/turn              H - ring of wizardry

@: very quick
A: large, hooves 3, deformed body, speed 2, tough skin 3
a: Heroism, Renounce Religion


You were on level 11 of the Dungeon.
You worshipped Okawaru.
Okawaru was greatly pleased with you.
You were very hungry.

You visited 2 branches of the dungeon, and saw 13 of its levels.
You also visited: Sewer.

You collected 591 gold pieces.
You spent 131 gold pieces at shops.

Inventory:

Hand Weapons
 a - a +1 shortbow
 e - a +2 dagger of protection
 n - a +2 dagger of venom
 L - a +2 vampiric dagger (weapon)
Missiles
 m - 41 poisoned darts (quivered)
 x - 10 arrows
 y - 14 boomerangs
 F - 6 javelins
Armour
 b - a +0 pair of gloves (worn)
 c - a +0 leather armour
 j - a +0 cloak (worn)
 w - a +0 plate armour
 G - a +0 ring mail (worn)
Jewellery
 H - a ring of wizardry (right hand)
 K - a ring of positive energy (left hand)
Wands
 p - a wand of acid (4)
 I - a wand of random effects (6)
 M - a wand of polymorph (6)
Scrolls
 g - 9 scrolls of remove curse
 k - 7 scrolls of identify
 l - 3 scrolls of amnesia
 q - 4 scrolls of fear
 r - 10 scrolls of teleportation
 t - a scroll of fog {unknown}
 u - 2 scrolls of blinking
 v - a scroll of enchant weapon {unknown}
 D - a scroll of enchant armour {unknown}
 J - a scroll of immolation {unknown}
Potions
 d - 2 potions of berserk rage
 h - a potion of ambrosia
 i - 3 potions of curing
 o - a potion of invisibility {unknown}
 s - a potion of might {unknown}
 z - a potion of magic {unknown}
 A - 3 potions of brilliance
 B - 2 potions of cancellation
 C - a potion of mutation {unknown}
 E - a potion of haste {unknown}
Miscellaneous
 N - a lightning rod (1/4)
Comestibles
 f - 10 rations
 O - 2 chunks of flesh


   Skills:
 - Level 5.0 Fighting
 - Level 10.0 Short Blades
 + Level 12.6 Bows
 - Level 1.3 Dodging
 - Level 0.4 Stealth
 - Level 10.0 Invocations


You had 10 spell levels left.
You didn't know any spells.
Your spell library contained the following spells:

 Spells                   Type           Power        Failure   Level  Hunger
 Magic Dart               Conj           #...         26%         1    ##.....
 Summon Small Mammal      Summ           #...         26%         1    ##.....
 Call Imp                 Summ           #.......     38%         2    ###....
 Searing Ray              Conj           #.....       38%         2    ###....
 Call Canine Familiar     Summ           #.......     58%         3    ####...
 Dazzling Flash           Conj/Hex       #.....       58%         3    ####...
 Summon Guardian Golem    Hex/Summ       #.......     58%         3    ####...
 Fulminant Prism          Conj/Hex       #.........   92%         4    #####..
 Iskenderun's Mystic Bla  Conj/Tloc      #.......     92%         4    #####..
 Summon Ice Beast         Ice/Summ       #.......     92%         4    #####..
 Summon Lightning Spire   Summ/Air       #.......     92%         4    #####..


Dungeon Overview and Level Annotations

Branches:
Dungeon (12/15)            Temple (1/1) D:4            Lair (0/6) D:9
    Orc (0/2) D:10          Sewer (visited)

Altars:
Ashenzari
Cheibriados
Dithmenos
Elyvilon
Fedhas
Gozag
Hepliaklqana
Kikubaaqudgha
Makhleb
Nemelex Xobeh
Okawaru
Qazlal
Ru
Sif Muna
Trog
Uskayaw
Vehumet
Wu Jian
Xom
Yredelemnul
Zin
The Shining One

Shops:
D:4 ?   D:9 =

Annotations:
D:9 exclusion: door


Innate Abilities, Weirdness & Mutations

You have hooves in place of feet.
Armour fits poorly on your strangely shaped body.
You cover ground very quickly.
You have extremely tough skin. (AC +3)


Message History

You hit the yak but do no damage.
The yak is moderately wounded.
You hit the yak but do no damage. Your kick misses the yak.
The yak is moderately wounded.
The yak gores you!
* * * LOW HITPOINT WARNING * * *
You see here a poisoned dart.
Okay, then.
You see here an arrow.
x - 2 arrows (gained 1)
Things that are here:
4 arrows; a yak corpse
x - 6 arrows (gained 4)
You see here 2 arrows.
x - 8 arrows (gained 2)
You see here 2 arrows.
x - 10 arrows (gained 2)
You feel like a meek peon again. The yak gores you!
You die...

#....s(..((...>....
##.#########.....[.
#.# #)##.... #.#
#.#..... #.#
#.#..... #.#
#[#.#<.. #s#
#[#.###. #Y# #.#.#
#. #@# #.#.# #.#
#.#.# #.# #.#.# #.#
#.#.. #.# #.### #.#
#..
#.################
#...YY(Y(.........
############@.....


You could see a yak and a scorpion.

Vanquished Creatures
  An orb spider (D:11)
  2 centaur zombies (D:11)
  Maurice (D:11)
  Joseph (D:7)
  A hippogriff (D:6)
  2 wyverns
  A vampire (D:10)
  A wraith (D:10)
  10 yaks
  A hungry ghost (D:10)
  A two-headed ogre zombie (D:10)
  A water moccasin (D:9)
  3 orc warriors
  2 ice beasts
  A phantom (D:10)
  4 ogres
  2 centaurs
  3 crocodiles
  A big kobold (D:6)
  7 bullfrogs
  A gnoll sergeant (D:9)
  4 troll zombies (D:10)
  10 killer bees (D:8)
  A howler monkey (D:5)
  3 crimson imps
  A bullfrog zombie (D:7)
  5 hounds
  5 jellies
  Crazy Yiuf (D:1)
  10 orc priests
  5 bullfrog skeletons
  14 orc wizards
  A gnoll shaman (D:7)
  2 iguanas
  7 worker ants
  A killer bee zombie (D:7)
  3 ogre zombies (D:10)
  A hound skeleton (D:5)
  A hound zombie (D:8)
  A worker ant zombie (D:7)
  A howler monkey zombie (D:10)
  11 gnolls
  A howler monkey skeleton (D:9)
  15 adders
  3 river rats (D:3)
  A shadow imp (D:5)
  8 oozes
  An adder zombie (D:5)
  2 worms (D:3)
  3 dart slugs
  7 leopard geckos
  48 orcs
  A ball python (D:3)
  6 bats
  6 giant cockroaches
  6 goblins
  12 hobgoblins
  14 jackals
  6 quokkas
  4 frilled lizards
  A goblin skeleton (D:10)
  4 goblin zombies (D:10)
  2 hobgoblin skeletons (D:10)
  2 hobgoblin zombies (D:10)
  A jackal zombie (D:7)
  16 kobolds
  A leopard gecko zombie (D:7)
  4 orc skeletons (D:10)
  12 orc zombies (D:10)
  6 rats
328 creatures vanquished.

Notes
Turn   | Place    | Note
-------+----------+-------------------------------------------
     0 | D:1      | centaur3rune the Centaur Hunter began the quest for the
                  | Orb.
     0 | D:1      | Reached XP level 1. HP: 17/17 MP: 1/1
    70 | D:1      | Reached XP level 2. HP: 23/24 MP: 2/2
   573 | D:1      | Reached skill level 6 in Bows
   574 | D:1      | Reached skill level 1 in Short Blades
   814 | D:2      | Reached XP level 3. HP: 30/30 MP: 3/3
   928 | D:2      | Found a shattered altar of Ashenzari.
  1012 | D:2      | Found an opulent altar of Gozag.
  1090 | D:2      | Found a bloodstained altar of Trog.
  1626 | D:2      | Reached XP level 4. HP: 37/37 MP: 4/4
  1796 | D:2      | Found a runed translucent door.
  1797 | D:2      | Noticed Crazy Yiuf
  2122 | D:1      | Killed Crazy Yiuf
  2238 | D:3      | Reached skill level 7 in Bows
  2243 | D:3      | Found a glowing drain.
  2270 | D:3      | Reached XP level 5. HP: 18/45 MP: 5/5
  2426 | Sewer    | Entered a sewer
  2844 | Sewer    | Noticed a crocodile
  2858 | Sewer    | Killed a crocodile
  3136 | D:3      | Reached skill level 8 in Bows
  3139 | D:3      | Reached XP level 6. HP: 47/51 MP: 6/6
  3597 | D:3      | Found a shimmering altar of Xom.
  3677 | D:3      | Reached skill level 9 in Bows
  4270 | D:4      | Found a sacrificial altar of Ru.
  4284 | D:4      | Found Zutoidid's Magic Scroll Shop.
  4290 | D:4      | Bought a scroll of identify for 22 gold pieces
  4290 | D:4      | Bought a scroll of teleportation for 33 gold pieces
  4290 | D:4      | Bought a scroll of magic mapping for 38 gold pieces
  4290 | D:4      | Bought a scroll of fear for 38 gold pieces
  4369 | D:4      | Found a staircase to the Ecumenical Temple.
  4400 | Temple   | Entered the Ecumenical Temple
  4486 | Temple   | Became a worshipper of Warmaster Okawaru
  4715 | D:4      | Reached XP level 7. HP: 45/57 MP: 7/7
  5065 | D:5      | Entered Level 5 of the Dungeon
  5276 | D:5      | Reached skill level 10 in Bows
  5621 | D:5      | Found a shadowy altar of Dithmenos.
  5670 | D:5      | Reached * piety under Okawaru
  5704 | D:5      | Reached XP level 8. HP: 63/63 MP: 8/8
  5774 | D:5      | Reached skill level 11 in Bows
  5774 | D:5      | Reached skill level 1 in Invocations
  6041 | D:5      | Found a radiant altar of Vehumet.
  6760 | D:6      | Found a snail-covered altar of Cheibriados.
  6965 | D:6      | Reached skill level 5 in Short Blades
  7363 | D:7      | Reached skill level 12 in Bows
  7787 | D:7      | Reached ** piety under Okawaru
  7863 | D:7      | Noticed a hippogriff
  8189 | D:6      | Killed a hippogriff
  8189 | D:6      | Reached skill level 5 in Invocations
  8189 | D:6      | Reached XP level 9. HP: 19/69 MP: 11/13
  9033 | D:7      | Noticed Joseph
  9287 | D:8      | Found a blossoming altar of Fedhas.
  9363 | D:8      | HP: 2/69 [killer bee (4)]
  9707 | D:8      | Found an ancient bone altar of Kikubaaqudgha.
  9814 | D:7      | Killed Joseph
 10932 | D:8      | Reached skill level 10 in Invocations
 11005 | D:8      | Reached *** piety under Okawaru
 11590 | D:8      | Noticed a cyan ugly thing
 11600 | D:8      | HP: 1/70 [cyan ugly thing (15)]
 12039 | D:8      | Found a sparkling altar of Nemelex Xobeh.
 12479 | D:9      | Reached XP level 10. HP: 23/78 MP: 14/17
 12782 | D:9      | Found an ornate altar of the Wu Jian Council.
 12885 | D:9      | Found Vekeloapn's Jewellery Emporium.
 12944 | D:9      | Found a shimmering blue altar of Sif Muna.
 13195 | D:9      | Received a gift from Okawaru
 13195 | D:9      | Reached skill level 5 in Fighting
 13644 | D:9      | Found a staircase to the Lair.
 14407 | D:10     | Entered Level 10 of the Dungeon
 14622 | D:10     | Found a staircase to the Orcish Mines.
 16142 | D:10     | Received a gift from Okawaru
 16917 | D:10     | Found a sparkling altar of Nemelex Xobeh.
 17082 | D:11     | Reached **** piety under Okawaru
 17130 | D:11     | Noticed Maurice
 17156 | D:11     | Noticed an orb spider
 17156 | D:11     | a yak changed into an orb spider
 17197 | D:11     | Killed an orb spider
 17197 | D:11     | Reached XP level 11. HP: 14/86 MP: 18/18
 17232 | D:11     | Killed Maurice
 17232 | D:11     | Received a gift from Okawaru
 17232 | D:11     | Reached skill level 10 in Short Blades
 17411 | D:11     | Slain by a yak

Levels and vault maps discovered:
D:1:      wander_arrival_lonely_grave, layout_loops_ring, lemuel_old_faithful
D:2:      layout_basic, overflow_temple_1_default, grunt_gozag_breadcrumbs,
          overflow_temple_1_default, uniq_crazy_yiuf_cottage
D:3:      layout_basic, marbit_many_paths, portal_sewer_entry_b
D:4:      layout_loops_ring, nicolae_ru_awakened_eye,
          minmay_temple_entry_poolview, serial_shops, shop
D:5:      layout_basic, vehumet_crystals, nicolae_dithmenos_the_darkroom,
          first_ration
D:6:      layout_basic, old_standard_altar, hangedman_decor_points
D:7:      layout_cave_pools, uniq_joseph
D:8:      layout_loops_ring, grunt_temple_overflow_growth_and_decay,
          nemelex_xobeh_ov_fountains_minmay, hangedman_little_slice_of_home,
          nicolae_straight_to_the_point
D:9:      layout_irregular_city, led_sif_book, lemuel_round_altar,
          lair_entry_dummy, serial_shops, kennysheep_mini_moat
D:10:     layout_loops_ring, zombieorc2_lemuel, nemelex_diamond_rough_becter
D:11:     layout_basic, kb_lookout_dungeons_type, solitary_fountain,
          uniq_maurice
D:12:     layout_loops_cross, portal_ice_cave_demonic_guard,
          ebering_ghost_rock_garden, nrook_loot_triangle
Temple:   nicolae_temple_figure_zero

Skill      XL: |  1  2  3  4  5  6  7  8  9 10 11 |
---------------+----------------------------------+-----
Bows           | 6 7 8 9 10 12 | 12.6
Short Blades   | 1 2 3 4 5 9 10 | 10.0
Fighting       | 3 4 5 |  5.0
Invocations    | 5 10 | 10.0
Dodging        | |  1.3
Stealth        | |  0.4

Action                   |  1- 3 |  4- 6 |  7- 9 | 10-12 || total
-------------------------+-------+-------+-------+-------++-------
Melee: Dagger            |    64 |   153 |   431 |   230 ||   878
       Kick              |     9 |    36 |   104 |    74 ||   223
       Punch             |       |       |     4 |     2 ||     6
       Shortbow          |       |       |       |     1 ||     1
 Fire: Shortbow          |    58 |   121 |   203 |   336 ||   718
Throw: Dart              |       |    17 |   112 |    51 ||   180
Invok: Heroism           |       |       |     9 |     5 ||    14
Evoke: Wand              |       |       |    12 |     3 ||    15
       Lightning rod     |       |       |       |     4 ||     4
  Use: Scroll            |     1 |     2 |     8 |     5 ||    16
       Potion            |     1 |       |     7 |     3 ||    11
  Eat: Chunk             |       |     4 |    10 |     4 ||    18
       Ration            |       |     1 |     4 |     2 ||     7
Armor: Leather armour    |    47 |    97 |   159 |       ||   303
       Plate armour      |       |     6 |       |       ||     6
       Ring mail         |       |       |    47 |   106 ||   153
Dodge: Dodged            |    36 |    97 |   227 |    72 ||   432

Table legend:
 A = Non-vault XP
 B = Vault XP
 C = Vault XP percentage of total XP
 D = Non-vault monster count
 E = Vault monster count
 F = Vault count percentage of total count
                 A         B        C        D         E       F
            +---------+---------+-------+---------+---------+-------
      Total |   10457 |    2327 |  18.2 |     268 |      60 |  18.3
            +---------+---------+-------+---------+---------+-------
        D:1 |      39 |      41 |  51.2 |      20 |       1 |   4.8
        D:2 |      77 |       0 |   0.0 |      18 |       0 |   0.0
        D:3 |     389 |      49 |  11.2 |      48 |       7 |  12.7
        D:4 |     135 |       0 |   0.0 |       6 |       0 |   0.0
        D:5 |     901 |       0 |   0.0 |      40 |       0 |   0.0
        D:6 |     749 |       0 |   0.0 |      18 |       0 |   0.0
        D:7 |     784 |     445 |  36.2 |      27 |       1 |   3.6
        D:8 |    1476 |     157 |   9.6 |      34 |       8 |  19.0
        D:9 |    1765 |       0 |   0.0 |      22 |       0 |   0.0
       D:10 |    1635 |    1065 |  39.4 |      18 |      36 |  66.7
       D:11 |    2419 |     457 |  15.9 |      16 |       1 |   5.9
       D:12 |      88 |       0 |   0.0 |       1 |       0 |   0.0
      Sewer |       0 |     113 | 100.0 |       0 |       6 | 100.0
            +---------+---------+-------+---------+---------+-------
